 Dungeon Crawl Stone Soup version 0.19-a0-1182-g094b998 (webtiles) character file.

7305 Jarlath the Frost Mage (level 10, -16/56 HPs)
             Began as a High Elf Ice Elementalist on Aug 17, 2016.
             Was a Priest of Vehumet.
             Demolished by a spiny frog (22 damage)
             ... on level 1 of the Lair of Beasts.
             The game lasted 00:22:14 (15871 turns).

Jarlath the Frost Mage (High Elf Ice Elementalist) Turns: 15871, Time: 00:22:14

Health: -16/56     AC:  5    Str:  7    XL:     10   Next: 90%
Magic:  24/24      EV: 13    Int: 23    God:    Vehumet [***...]
Gold:   555        SH:  4    Dex: 16    Spells: 7 memorised, 6 levels left

rFire  . . .     SeeInvis .     w - +1 dagger (venom)
rCold  . . .     Gourm    .     j - +2 robe {Archmagi}
rNeg   . . .     Faith    .     (no shield)
rPois  .         Spirit   .     (no helmet)
rElec  .         Dismiss  .     (no cloak)
rCorr  .         Reflect  +     n - +0 pair of gloves
MR     +....     Harm     .     (no boots)
Stlth  ++........               x - +4 amulet of reflection
                                (no ring)
                                v - ring of wizardry

@: lethally poisoned (-16 -> -58)
A: no striking features
a: Renounce Religion


You were on level 1 of the Lair of Beasts.
You worshipped Vehumet.
Vehumet was most pleased with you.
You were not hungry.

You visited 3 branches of the dungeon, and saw 10 of its levels.
You also visited: Bailey.

You collected 555 gold pieces.

Inventory:

Hand Weapons
 q - the +4 hand axe of Oozing Pus {chop, rPois}
   (You took it off an orc priest on level 8 of the Dungeon)

   It inflicts extra damage upon your enemies.
   It protects you from poison.
 w - a +1 dagger of venom (weapon)
Armour
 j - a +2 robe of the Archmagi (worn)
 n - a +0 pair of gloves (worn)
Jewellery
 c - an uncursed amulet of the gourmand
 v - a ring of wizardry (left hand)
 x - a +4 amulet of reflection (around neck)
Wands
 o - a wand of flame (17/48)
 u - a wand of confusion (8/48)
 A - a wand of lightning (6/15)
Scrolls
 d - 8 scrolls of remove curse
 e - 4 scrolls of noise
 s - 2 scrolls of fog
 y - 3 scrolls of teleportation
 D - a scroll of amnesia
Potions
 a - 3 potions of brilliance
 i - 2 potions of degeneration
 l - 3 potions of flight
 E - a potion of agility
Books
 b - a book of Frost

   Spells                             Type                      Level
   a - Freeze                         Ice                          1
   b - Throw Frost                    Conjuration/Ice              2
   c - Ozocubu's Armour               Charms/Ice                   3
   d - Throw Icicle                   Conjuration/Ice              4
   e - Summon Ice Beast               Ice/Summoning                4
 m - a book of Callings

   Spells                             Type                      Level
   a - Summon Small Mammal            Summoning                    1
   b - Call Imp                       Summoning                    2
   c - Call Canine Familiar           Summoning                    3
   d - Summon Guardian Golem          Hexes/Summoning              3
   e - Summon Lightning Spire         Summoning/Air                4
   f - Summon Ice Beast               Ice/Summoning                4
 r - a book of Misfortune

   Spells                             Type                      Level
   a - Confusing Touch                Hexes                        1
   b - Confuse                        Hexes                        3
   c - Gell's Gravitas                Hexes/Translocation          3
   d - Petrify                        Transmutation/Earth          4
   e - Metabolic Englaciation         Hexes/Ice                    5
   f - Yara's Violent Unravelling     Hexes/Transmutation          5
Comestibles
 f - 5 meat rations
 k - 11 chunks of flesh
 t - 2 beef jerkies
 z - a bread ration
 C - 28 fruits


   Skills:
 - Level 4.1 Armour
 - Level 2.1 Dodging
 - Level 2.1 Stealth
 * Level 9.8 Spellcasting
 - Level 5.3 Conjurations
 - Level 5.0 Hexes
 - Level 2.9 Summonings
 + Level 11.3 Ice Magic


You had 6 spell levels left.
You knew the following spells:

 Your Spells              Type           Power        Failure   Level  Hunger
a - Freeze                Ice            ####         1%          1    None
b - Ozocubu's Armour      Chrm/Ice       ######..     1%          3    None
c - Metabolic Englaciati  Hex/Ice        ######....   3%          5    ####...
d - Call Imp              Summ           #####...     1%          2    None
e - Summon Ice Beast      Ice/Summ       ######..     1%          4    ##.....
f - Throw Icicle          Conj/Ice       ######..     1%          4    ##.....
g - Confuse               Hex            ######..     1%          3    None


Dungeon Overview and Level Annotations

Branches:
Dungeon (8/15)             Temple (1/1) D:5            Lair (1/6) D:8

Altars:
Ashenzari
Cheibriados
Dithmenos
Elyvilon
Fedhas
Gozag
Hepliaklqana
Kikubaaqudgha
Makhleb
Nemelex Xobeh
Okawaru
Qazlal
Ru
Sif Muna
Trog
Uskayaw
Vehumet
Xom
Yredelemnul
Zin
The Shining One


Message History

The spiny frog poisons you!
Unknown command.
You barely miss the spiny frog.
The spiny frog is almost dead.
* * * LOW HITPOINT WARNING * * *
You feel very sick.
You hit the spiny frog but do no damage.
The spiny frog is poisoned.
The spiny frog is almost dead.
You feel less invigorated.
You feel less confused.
* * * LOW HITPOINT WARNING * * *
You feel very sick. The spiny frog barely misses you.
It was a potion of cancellation.
You feel magically purged.
* * * LOW HITPOINT WARNING * * *
You feel very sick.
The spiny frog is no longer moving slowly.
The spiny frog stings you!!
You die...

.#....# . ......# #....
..########.....# #....
...............## ##....
................#+###.....
..........................
..........................
........F.................
.........@.[..............
.##.######.....##.##.##P.Y
#.......#.............+..
#.......#.....#.......#..
#.......#............<'..
#.......#.....#.......#..
#.......#................
........#.....#.......#..
#.............#.......#..


You could see a spiny frog.

Vanquished Creatures
  2 spiny frogs (Lair:1)
  The ghost of rj54x the Cleaver, an amateur HOFi (D:5)
  3 blink frogs (Lair:1)
  A yak (Lair:1)
  A hippogriff (Lair:1)
  A warg (D:8)
  A porcupine (Lair:1)
  7 orc warriors
  A black bear (D:8)
  2 ice beasts (D:6)
  2 phantoms
  3 ogres
  5 centaurs
  5 wolves (D:8)
  A big kobold (D:8)
  A crocodile (D:8)
  Blork the orc (D:6)
  9 giant frogs
  4 scorpions
  4 wights (D:8)
  A howler monkey (D:7)
  4 crimson imps
  A giant frog zombie (D:7)
  A wasp zombie (D:8)
  6 hounds
  9 orc wizards
  5 orc priests
  A centaur skeleton (D:4)
  Jessica (D:2)
  An iguana (D:6)
  4 worker ants
  2 hound zombies
  2 hound skeletons
  2 worker ant zombies
  9 adders
  9 gnolls
  A howler monkey skeleton (D:7)
  A shadow imp (D:7)
  An ufetubus (D:8)
  An ooze (D:6)
  An adder zombie (D:6)
  2 adder skeletons
  8 dart slugs
  5 worms
  6 giant geckos
  37 orcs
  7 bats
  4 giant cockroaches
  16 goblins
  5 hobgoblins
  9 jackals
  17 kobolds
  3 quokkas
  3 ball pythons
  4 giant newts
  A quokka simulacrum (D:8)
  A quokka skeleton (D:8)
  11 rats
257 creatures vanquished.

Vanquished Creatures (collateral kills)
  A two-headed ogre (D:8)
  2 blink frogs (Lair:1)
  3 yaks (Lair:1)
  A warg (D:8)
  A sky beast (D:5)
  A phantom (D:8)
  An ogre (D:6)
  A howler monkey (D:6)
  2 gnolls
  An orc (D:8)
  A hobgoblin (Bailey)
  A jackal (D:5)
16 creatures vanquished.

Vanquished Creatures (others)
  An orc (D:8)
  2 fungi (Lair:1)
3 creatures vanquished.

Grand Total: 276 creatures vanquished

Notes
Turn   | Place    | Note
-------+----------+-------------------------------------------
     0 | D:1      | Jarlath the High Elf Ice Elementalist began the quest for the Orb.
     0 | D:1      | Reached XP level 1. HP: 11/11 MP: 4/4
    54 | D:1      | Reached XP level 2. HP: 4/17 MP: 0/6
  1233 | D:1      | Reached XP level 3. HP: 19/21 MP: 4/8
  1590 | D:2      | Noticed Jessica
  1605 | D:2      | Killed Jessica
  1605 | D:2      | Reached skill level 1 in Armour
  1605 | D:2      | Reached XP level 4. HP: 22/27 MP: 6/9
  2125 | D:2      | Found a shadowy altar of Dithmenos.
  2145 | D:2      | Learned a level 3 spell: Ozocubu's Armour
  2329 | D:3      | Learned a level 2 spell: Throw Frost
  2620 | D:3      | Reached XP level 5. HP: 13/31 MP: 6/10
  3361 | D:3      | Reached skill level 4 in Ice Magic
  3795 | D:3      | Reached XP level 6. HP: 36/36 MP: 5/11
  4738 | D:4      | Reached skill level 5 in Ice Magic
  5643 | D:4      | Reached XP level 7. HP: 41/41 MP: 7/14
  5670 | D:4      | Learned a level 2 spell: Call Imp
  5817 | D:4      | Reached skill level 1 in Summonings
  5817 | D:4      | Reached skill level 6 in Ice Magic
  5925 | D:5      | Entered Level 5 of the Dungeon
  6084 | D:5      | Noticed rj54x's ghost (amateur HOFi)
  6347 | D:5      | Found a sacrificial altar of Ru.
  6653 | D:5      | Killed rj54x's ghost
  6653 | D:5      | Reached skill level 7 in Ice Magic
  6759 | D:5      | Learned a level 4 spell: Summon Ice Beast
  6814 | D:5      | Found a staircase to the Ecumenical Temple.
  6903 | Temple   | Entered the Ecumenical Temple
  6908 | Temple   | Became a worshipper of Vehumet
  6949 | D:5      | Reached XP level 8. HP: 46/46 MP: 10/15
  6973 | D:5      | Found a sparkling altar of Nemelex Xobeh.
  7092 | D:5      | Found a shattered altar of Ashenzari.
  7238 | D:5      | Found a deep blue altar of Sif Muna.
  7238 | D:5      | Found a glowing silver altar of Zin.
  7307 | D:5      | Found a shimmering altar of Xom.
  7477 | D:6      | Reached skill level 8 in Ice Magic
  8316 | D:6      | Learned a level 4 spell: Throw Icicle
  8323 | D:6      | Reached skill level 5 in Spellcasting
  8729 | D:6      | Reached skill level 9 in Ice Magic
  9339 | D:6      | Learned a level 3 spell: Confuse
  9443 | D:6      | Found a white marble altar of Elyvilon.
  9466 | D:6      | Noticed Blork the orc
  9479 | D:6      | Killed Blork the orc
  9479 | D:6      | Reached * piety under Vehumet
  9479 | D:6      | Offered knowledge of Sandblast by Vehumet.
  9479 | D:6      | Reached XP level 9. HP: 51/51 MP: 5/19
 10163 | D:7      | Reached skill level 1 in Hexes
 10197 | D:7      | Learned a level 5 spell: Metabolic Englaciation
 10204 | D:7      | Found a bloodstained altar of Trog.
 10375 | D:7      | Found a hazy altar of Hepliaklqana.
 10453 | D:7      | Found a glowing golden altar of the Shining One.
 10542 | D:7      | Found an ancient bone altar of Kikubaaqudgha.
 10687 | D:8      | Found a flagged portal.
 10701 | Bailey   | Entered a bailey
 10969 | Bailey   | Offered knowledge of Throw Flame by Vehumet.
 11114 | Bailey   | Found a bloodstained altar of Trog.
 11176 | D:8      | Reached ** piety under Vehumet
 11668 | D:8      | Reached skill level 5 in Hexes
 11668 | D:8      | Reached skill level 10 in Ice Magic
 12195 | D:8      | Reached XP level 10. HP: 27/56 MP: 11/21
 12310 | D:8      | Got an iridescent hand axe {chop}
 12311 | D:8      | Identified the +4 hand axe of Oozing Pus {chop, rPois} (You took it off an orc priest on level 8 of the Dungeon)
 12675 | D:8      | Offered knowledge of Inner Flame by Vehumet.
 12873 | D:8      | Found a staircase to the Lair.
 12929 | D:8      | Reached skill level 5 in Conjurations
 14139 | D:8      | Reached *** piety under Vehumet
 14519 | Lair:1   | Entered Level 1 of the Lair of Beasts
 15065 | Lair:1   | Offered knowledge of Mephitic Cloud by Vehumet.
 15382 | Lair:1   | Noticed a spiny frog
 15386 | Lair:1   | Killed a spiny frog
 15386 | Lair:1   | Reached skill level 11 in Ice Magic
 15520 | Lair:1   | Noticed a spiny frog
 15524 | Lair:1   | Killed a spiny frog
 15844 | Lair:1   | Noticed a spiny frog
 15871 | Lair:1   | Demolished by a spiny frog

Vault maps used:
D:1:      lemuel_arrival_rhombus
D:2:      old_standard_altar, first_bread, uniq_jessica
D:5:      gammafunk_temple_overflow_statue, lemuel_doored_altar,
          nicolae_ru_awakened_eye, gammafunk_temple_overflow_elements
D:6:      basic_altar, uniq_blork_the_orc
D:7:      lemuel_coloured_pillars_altar, nicolae_tso_swordbearing_angel,
          lemuel_round_altar, david_defended_altar_elf
D:8:      erik_lair_orcish_takeover, enter_bailey_3, serial_ice, serial_ice_m,
          serial_ice_a, serial_ice_e, serial_ice_b, blue_anna_alchemist
Temple:   minmay_freezing_vapour_temple
Lair:1:   beast_lair_carwin_9
Bailey:   bailey_axe_3, bailey

Skill      XL: |  1  2  3  4  5  6  7  8  9 10 |
---------------+-------------------------------+-----
Spellcasting   | 3 4 6 7 9 |  9.8
Armour         | 1 3 4 |  4.1
Ice Magic      | 4 5 7 9 10 11 | 11.3
Summonings     | 2 |  2.9
Hexes          | 5 |  5.0
Conjurations   | 3 5 |  5.3
Dodging        | |  2.1
Stealth        | |  2.1

Action                   |  1- 3 |  4- 6 |  7- 9 | 10-12 || total
-------------------------+-------+-------+-------+-------++-------
Melee: Unarmed           |     8 |       |       |       ||     8
       Dagger            |    14 |   251 |   304 |    96 ||   665
       Hand axe          |       |       |       |     7 ||     7
 Cast: Freeze            |    39 |    95 |    48 |    21 ||   203
       Ozocubu's Armour  |       |     1 |     1 |     1 ||     3
       Throw Frost       |       |    26 |    43 |       ||    69
       Call Imp          |       |       |    14 |     8 ||    22
       Throw Icicle      |       |       |    63 |    74 ||   137
       Summon Ice Beast  |       |       |     4 |     8 ||    12
       Confuse           |       |       |     7 |     4 ||    11
       Metabolic Englaci |       |       |     1 |       ||     1
 Abil: Evoke Berserk Rag |       |       |     1 |       ||     1
Evoke: Wand              |       |       |     2 |       ||     2
  Use: Scroll            |       |    10 |    11 |     2 ||    23
       Potion            |       |     2 |     6 |     8 ||    16
 Stab: Distracted        |     1 |       |       |       ||     1
       Sleeping          |       |     3 |     4 |       ||     7
       Confused          |       |       |       |     2 ||     2
  Eat: Chunk             |     1 |     4 |     8 |     5 ||    18
       Beef jerky        |       |     1 |       |       ||     1
       Bread ration      |       |     1 |     2 |       ||     3
       Meat ration       |       |     1 |     2 |     3 ||     6
       Fruit             |       |       |     2 |       ||     2
Armor: Robe              |    13 |       |    34 |    22 ||    69
       Leather armour    |     3 |    72 |    58 |       ||   133
Dodge: Dodged            |    31 |   148 |   250 |    71 ||   500
Block: Other             |       |       |    47 |    14 ||    61
       Reflection        |       |       |     7 |     1 ||     8
